 Dungeon Crawl Stone Soup version 0.30.1 (webtiles) character file.

Game seed: 233840784123006887

12 spardeous the Digger (level 2, -2/11 HPs)
             Began as a Felid Earth Elementalist on July 13, 2023.
             Slain by an orc
             ... wielding a +0 short sword
              (4 damage)
             ... on level 3 of the Dungeon.
             The game lasted 00:01:01 (485 turns).

spardeous the Digger (Felid Earth Elementalist)      Turns: 485, Time: 00:01:01

Health: -2/11      AC:  1    Str:  4    XL:     2   Next: 20%
Magic:  4/6        EV: 17    Int: 16    God:
Gold:   30         SH:  0    Dex: 16    Spells: 4/5 levels left
                                        Lives:  0   Deaths: 0

rFire   . . .        (weapon unavailable)
rCold   . . .        (shield unavailable)
rNeg    . . .        (body armour unavailable)
rPois   .            (helmet unavailable)
rElec   .            (cloak unavailable)
rCorr   .            (gloves unavailable)
SInv    +            (boots unavailable)
Will    .....        (no amulet)
Stlth   ++           (no ring)
HPRegen 0.21/turn    (no ring)
MPRegen 0.10/turn

%: no passive effects
@: quick
A: very small, claws 1, fangs 3, see invisible, speed 1, shaggy fur 1, stealthy
paws, no weapons or thrown items, no armour, multi-lived
a: no special abilities


You were on level 3 of the Dungeon.
You visited 1 branch of the dungeon, and saw 3 of its levels.

You collected 30 gold pieces.

Inventory:

Wands
 c - a wand of digging (6)
Scrolls
 d - a scroll of teleportation {unknown}
Potions
 a - a potion of magic
 b - 3 potions of curing {unknown}


   Skills:
 - Level 2.6 Dodging
 - Level 2.6 Stealth
 - Level 2.0 Spellcasting
 - Level 1.1 Transmutations
 + Level 3.3 Earth Magic


You had 4 spell levels left.
You knew the following spells:

 Your Spells              Type           Power      Damage    Failure   Level
a - Sandblast             Erth           24%        2d8       5%          1

Your spell library contained the following spells:

 Spells                   Type           Power      Damage    Failure   Level
 Passwall                 Tmut/Erth      6%         N/A       13%         2
 Stone Arrow              Conj/Erth      14%        3d7       30%         3
 Petrify                  Tmut/Erth      8%         N/A       63%         4


Dungeon Overview and Level Annotations

Branches:
Dungeon (3/15)

Altars:
Ashenzari


Innate Abilities, Weirdness & Mutations

You have sharp claws.
You have razor-sharp teeth.
You have supernaturally acute eyesight. (SInv)
You cover ground quickly. (Speed+)
You are covered in fur. (AC +1)
Your paws help you pounce on unaware monsters.
You are incapable of wielding weapons or throwing items.
You cannot wear armour.
You gain extra lives every three experience levels.


Message History

You climb upwards.
There is a stone staircase leading down here.
You start resting.
HP restored.
You climb downwards.
There is a stone staircase leading up here.
Casting: Sandblast (safe; 5% risk of failure)
Confirm with . or Enter, or press ? or * to list all spells.
You can't see any susceptible monsters within range! (Use Z to cast anyway.) Unknown command.
Casting: Sandblast (safe; 5% risk of failure)
Confirm with . or Enter, or press ? or * to list all spells.
Aiming: Sandblast (safe; 5% risk of failure)
Press: ? - help, Shift-Dir - straight line, f - orc
Aim: an orc, wielding a +0 short sword and wearing a +0 leather armour (82% to hit)
The blast of sand hits the orc but does no damage.
Casting: Sandblast (safe; 5% risk of failure)
Confirm with . or Enter, or press ? or * to list all spells.
Aiming: Sandblast (safe; 5% risk of failure)
Press: ? - help, Shift-Dir - straight line, f/p - orc
Aim: an orc, wielding a +0 short sword and wearing a +0 leather armour (82% to hit)
The blast of sand misses the orc.
The orc wizard points at you and mumbles some strange words.
You are confused.
The orc misses you.
In your confused state, you trip and fall back down the stairs.
The orc closely misses you.
Unknown command.
The orc hits you with a +0 short sword.
The orc wizard casts a spell.
The orc wizard flickers and vanishes for a moment.
The orc barely misses you.
The orc wizard points at you and mumbles some strange words.
The magic dart hits you!
Ouch! That really hurt!
* * * LOW HITPOINT WARNING * * *
You bump into the rock wall.
You feel less confused. The orc hits you with a +0 short sword.
You die...

#.......####......
#########.....#
######.
##P...P###.....#
## #.P.bP..
##.####
###########..# ..
.............#.#
########.r.....#
#oo...### #.@...#
#######


You could see an orc wizard (invisible), an orc and a rat.

Vanquished Creatures
  4 endoplasms
  A goblin (D:1)
  A hobgoblin (D:1)
  A quokka (D:2)
  2 ball pythons
  A rat (D:1)
10 creatures vanquished.

Notes
Turn   | Place    | Note
-------+----------+-------------------------------------------
     0 | D:1      | spardeous the Felid Earth Elementalist began the quest for
                  | the Orb.
     0 | D:1      | Reached XP level 1. HP: 7/7 MP: 4/4
   100 | D:1      | Reached skill level 3 in Earth Magic
   136 | D:2      | Reached XP level 2. HP: 11/11 MP: 0/6
   400 | D:3      | Found a broken altar of Ashenzari.
   485 | D:3      | Slain by an orc

Illustrated notes

Levels and vault maps discovered:
D:1:      lemuel_arrival_lava_pool, layout_basic
D:2:      layout_loops_ring, serial_aquarium, aquarium_bridge_straight
          [aquarium_subvault_bridge, aquarium_subvault_wall,
          aquarium_subvault_bridge, aquarium_subvault_wall],
          aquarium_bridge_straight [aquarium_subvault_bridge,
          aquarium_subvault_window, aquarium_subvault_bridge,
          aquarium_subvault_wall], aquarium_window_1, aquarium_window_2,
          aquarium_window_3, aquarium_view_2c, aquarium_pool_side
D:3:      minmay_general_purpose_star, layout_loops_ring,
          evilmike_ruin_ashenzari, serial_aquarium, aquarium_bridge_square
          [aquarium_subvault_wall, aquarium_subvault_bridge,
          aquarium_subvault_wall, aquarium_subvault_bridge],
          aquarium_window_corridor_3, aquarium_window_2, aquarium_window_1,
          aquarium_view_2b, aquarium_view_2e, aquarium_balcony_3b,
          ebering_ghost_gozag, minmay_stone_trees_small, uniq_sigmund

Skill      XL: |  1 |
---------------+----+-----
Earth Magic    | 3 |  3.3
Dodging        | |  2.6
Stealth        | |  2.6
Spellcasting   | |  2.0
Transmutations | |  1.1

Action                     || total
---------------------------++-------
   Cast: Sandblast         ||    18
  Dodge: Dodged            ||     5
